 Dungeon Crawl Stone Soup version 0.30-b1-2-g02819fbbbe (webtiles) character file.

Game seed: 2978427610671760627

9 Alarkh the Insei (level 2, 24/24 HPs)
             Began as a Demonspawn Chaos Knight on May 21, 2023.
             Was a Plaything of Xom.
             Got out of the dungeon alive.
             The game lasted 00:01:03 (644 turns).

Alarkh the Insei (Demonspawn Chaos Knight)           Turns: 644, Time: 00:01:03

Health: 24/24      AC:  7    Str: 12    XL:     2   Next: 6%
Magic:  2/2        EV: 11    Int: 13    God:    Xom [...*..]
Gold:   60         SH:  0    Dex: 12    Spells: 1/1 levels left

rFire   + .          .
                       - Unarmed
rCold   . . .        (no shield)
rNeg    . . .        d - +2 leather armour {rF+}
rPois   .            (no helmet)
rElec   .            (no cloak)
rCorr   .            (no gloves)
SInv    .            (no boots)
Will    .....        (no amulet)
Stlth   +            (no ring)
HPRegen 0.24/turn    (no ring)
MPRegen 0.08/turn

%: no passive effects
@: no status effects
A: thin metallic scales 1
a: Renounce Religion


You escaped.
You worshipped Xom.
You were a favourite toy of Xom.
You visited 1 branch of the dungeon, and saw 1 of its levels.

You collected 60 gold pieces.

Inventory:

Armour
 a - a +2 leather armour
 d - a +2 leather armour of fire resistance (worn)
Scrolls
 f - a scroll of enchant weapon {unknown}
Miscellaneous
 b - a piece from Xom's chessboard (15/15) (quivered)


   Skills:
 - Level 3.0 Fighting
 - Level 1.7 Armour
 - Level 0.8 Dodging
 + Level 3.3 Unarmed Combat


You had one spell level left.
You didn't know any spells.
Your spell library was empty.

Dungeon Overview and Level Annotations

Branches:
Dungeon (1/15)

Altars:

Shops:
D:1 =


Innate Abilities, Weirdness & Mutations

You are partially covered in thin metallic scales. (AC +2)


Message History

You see here a +0 mace.
You now have 60 gold pieces (gained 12).
An endoplasm comes into view.
An endoplasm is nearby!
The endoplasm hits you.
You hit the endoplasm.
The endoplasm is severely wounded.
The endoplasm misses you.
You hit the endoplasm.
The endoplasm is almost dead.
The endoplasm hits you but does no damage.
You hit the endoplasm but do no damage.
The endoplasm is almost dead.
The endoplasm freezes you.
You are frozen.
You hit the endoplasm.
You kill the endoplasm!
You have reached level 2!
Your demonic ancestry asserts itself...
Thin metallic scales grow over part of your body.
Xom is amused.
A giant cockroach comes into view.
A giant cockroach is nearby!
Found a whip.
Found a stone staircase leading down.
The giant cockroach closely misses you. The giant cockroach barely misses you.
You hit the giant cockroach but do no damage.
The giant cockroach barely misses you.
You closely miss the giant cockroach.
The giant cockroach bites you but does no damage.
You hit the giant cockroach but do no damage.
The giant cockroach completely misses you.
You hit the giant cockroach.
You kill the giant cockroach!
No target in view!
No target in view!
No target in view!
There is an open gate here.
There is a staircase leading out of the dungeon here.
Are you sure you want to leave the Dungeon?
This will make you lose the game!
You have escaped!

############### ≈≈≈≈≈≈≈≈≈≈≈≈≈≈≈≈
≈≈≈≈≈≈≈≈≈≈≈≈≈≈≈≈
≈≈≈~~≈~~≈≈≈≈≈≈≈≈≈
♣♣♣..~~..~≈≈~≈≈≈≈≈
♣...........~~≈≈≈≈ ###########
♣............~~≈≈≈ ..........#
♣P............~≈≈≈ #########.#
♣@♣.....♣.P....≈≈≈ ##### #.#
♣♣♣♣..........~~≈≈ ..... #.#
♣.P.P♣......≈≈≈ .....
#.##############♣.....≈≈≈ .....
#.#............#P....~≈~≈ .....
#.#.##########.#...)...~≈ #####
#.#.#........#.#P.....≈≈≈
#.#.#.######.#.#♣....~≈≈≈
#########.#.#.######.#.#♣....~~≈≈


There were no monsters in sight!

Vanquished Creatures
  A bat (D:1)
  2 endoplasms (D:1)
  A giant cockroach (D:1)
  A ball python (D:1)
  A rat (D:1)
6 creatures vanquished.

Vanquished Creatures (collateral kills)
  3 kobolds (D:1)
3 creatures vanquished.

Grand Total: 9 creatures vanquished

Notes
Turn   | Place    | Note
-------+----------+-------------------------------------------
     0 | D:1      | Alarkh the Demonspawn Chaos Knight began the quest for the
                  | Orb.
     0 | D:1      | Reached XP level 1. HP: 18/18 MP: 1/1
    59 | D:1      | XOM: silly message
    60 | D:1      | XOM: divination: detect items
    62 | D:1      | XOM: smoke on damage
   110 | D:1      | Found Pailaa's Jewellery Shop.
   202 | D:1      | XOM: divination: detect creatures
   323 | D:1      | XOM: cast spell 'Summon Mana Viper'
   547 | D:1      | Gained mutation: You are partially covered in thin metallic
                  | scales. (AC +2) [demonic ancestry]
   547 | D:1      | Reached XP level 2. HP: 20/24 MP: 2/2
   644 | D:$      | Got out of the dungeon alive.

Illustrated notes

Levels and vault maps discovered:
D:1:      kennysheep_arrival_seaside, layout_basic, serial_shops, shop,
          grunt_decor_fettered

Skill      XL: |  1 |
---------------+----+-----
Unarmed Combat | 3 |  3.3
Fighting       | |  3.0
Armour         | |  1.7
Dodging        | |  0.8

Action                     || total
---------------------------++-------
  Melee: Unarmed           ||    17
         Punch             ||     1
    Use: Potion            ||     2
 Armour: Leather armour    ||     5
  Dodge: Dodged            ||    10
